 Dungeon Crawl Stone Soup version 0.22-a0-395-gfed312b (webtiles) character file.

2579 Serpenta the Cleaver (level 9, -45/72 HPs)
             Began as a Mummy Chaos Knight on May 3, 2018.
             Killed from afar by a smoke demon (49 damage)
             ... with a ball of steam
             ... on level 1 of the Abyss.
             The game lasted 00:14:30 (8201 turns).

Serpenta the Cleaver (Mummy Chaos Knight)           Turns: 8201, Time: 00:14:30

Health: -45/72     AC: 12    Str: 19    XL:     9   Next: 32%
Magic:  12/12      EV:  7    Int: 11    God:    Xom [...*..]
Gold:   387        SH:  0    Dex: 11    Spells: 8/8 levels left

rFire    x . .     SeeInvis +   a - +3 war axe
rCold    + . .     Gourm    .   (no shield)
rNeg     + + +     Faith    .   j - +0 chain mail
rPois    ∞         Spirit   .   i - +0 helmet
rElec    .         Reflect  .   c - +2 cloak
rCorr    .         Harm     .   (no gloves)
MR       +....                  (no boots)
Stlth    ..........             (no amulet)
HPRegen  0.22/turn              d - +4 ring of slaying
MPRegen  0.13/turn              o - ring of see invisible

@: no status effects
A: no food or potions, fire vulnerability, cold resistance 1, negative energy
resistance 3, torment resistance, unbreathing
a: Renounce Religion


You were on level 1 of the Abyss.
You worshipped Xom.
You were a favourite toy of Xom.
You were not hungry.

You visited 1 branch of the dungeon, and saw 7 of its levels.
You visited the Abyss 1 time.

You collected 433 gold pieces.
You spent 46 gold pieces at shops.


Innate Abilities, Weirdness & Mutations

You do not eat or drink.
Your flesh is vulnerable to fire.
You are immune to poison.
Your flesh is cold resistant. (rC+)
You are immune to negative energy. (rN+++)
You are immune to unholy pain and torment.
You can survive without breathing.


   Skills:
 + Level 7.0 Fighting
 - Level 8.0 Axes
 - Level 1.5 Armour
 - Level 0.7 Dodging
 + Level 5.1 Evocations


You had 8 spell levels left.
You didn't know any spells.

Action                   |  1- 3 |  4- 6 |  7- 9 || total
-------------------------+-------+-------+-------++-------
Melee: Hand axe          |    88 |       |       ||    88
       War axe           |    22 |   113 |   269 ||   404
Throw: Tomahawk          |       |       |     4 ||     4
Evoke: Wand              |       |     2 |     6 ||     8
  Use: Scroll            |     1 |     4 |    11 ||    16
 Stab: Petrified         |       |       |     3 ||     3
Armor: Leather armour    |    54 |       |       ||    54
       Chain mail        |       |    56 |   149 ||   205
Dodge: Dodged            |   112 |    35 |    75 ||   222

Inventory:

Hand Weapons
 a - a +3 war axe (weapon)
 q - the cursed +0 great sword of Subterfuge {drain, rPois, unknown}
   (You found it on level 1 of the Abyss)

   A truly terrible weapon, it drains the life of those it strikes.
   It protects you from poison.
   It has a curse placed upon it.
Missiles
 n - 6 tomahawks (quivered)
Armour
 c - a +2 cloak (worn)
 i - a +0 helmet (worn)
 j - a +0 chain mail (worn)
Jewellery
 b - an uncursed ring of resist corrosion
 d - a +4 ring of slaying (left hand)
 o - a ring of see invisible (right hand)
Wands
 f - a wand of acid (3) {god gift}
 l - a wand of enslavement (6)
 m - a wand of flame (45)
 t - a wand of disintegration (15)
Scrolls
 e - 2 scrolls of magic mapping
 h - a scroll of amnesia
 k - a scroll of immolation
 p - a scroll of remove curse

#3..#. ## #. ..
#. #.#.###.# .
#....... .
####..#.#.## #
####...§.#....##
# ........§##..
. #
#§§@#....#####
###3§#.##...##
#.#.#.. # [.
#.#.###### ..###
# . §.## #. .
##. # . .. ## ..
#.


You could see 2 smoke demons.

Vanquished Creatures
  Menkaure (D:5)
  The ghost of Tovarisch the Magician, an amateur OpWz (D:3)
  Duvessa (D:5)
  2 orc warriors
  2 ice beasts
  3 ogres
  A centaur (D:6)
  A big kobold (Abyss:1)
  3 bullfrogs
  Blork the orc (D:5)
  Dowan (D:5)
  A gnoll sergeant (D:7)
  A scorpion (D:5)
  A howler monkey (D:4)
  4 crimson imps
  5 orc priests
  Crazy Yiuf (D:5)
  7 orc wizards
  A centaur skeleton (D:4)
  Jessica (D:3)
  Terence (D:2)
  Ijyb (D:3)
  5 worker ants
  A hound skeleton (D:5)
  A howler monkey zombie (D:7)
  A worker ant zombie (D:6)
  Robin (D:3)
  5 gnolls (D:7)
  3 adders
  A shadow imp (D:5)
  An ooze (D:4)
  An adder zombie (D:5)
  A worm (D:2)
  2 dart slugs
  3 leopard geckos
  25 orcs
  3 giant cockroaches
  11 goblins
  8 hobgoblins
  4 jackals (D:6)
  3 quokkas
  7 bats
  4 frilled lizards
  7 kobolds
  11 rats
  A spectral orc (D:5)
151 creatures vanquished.

Vanquished Creatures (collateral kills)
  An orc priest (D:3)
  An orc wizard (D:3)
  A bat (D:1)
  A frilled lizard (D:3)
4 creatures vanquished.

Grand Total: 155 creatures vanquished

Vault maps used:
D:1:      minmay_arrival_stair_chambers
D:2:      uniq_terence
D:3:      lemuel_doored_altar, first_ration, uniq_ijyb, uniq_jessica, uniq_robin
D:4:      serial_shops, kennysheep_mini, kennysheep_mini_moat, shop,
          shop_statue, shop, kennysheep_small_circle
D:5:      yredelemnul_forgotten_temple_becter,
          chequers_temple_overflow_statue_of_worship, marbit_many_paths,
          kennysheep_little_box, uniq_blork_the_orc, uniq_crazy_yiuf_cottage,
          uniq_menkaure, uniq_duvessa
D:6:      minivault_23
D:7:      temple_statues
Abyss:1:  due_exit_kobolds


Message History

The smoke demon closely misses you.
The smoke demon hits you but does no damage.
You slash the smoke demon!
The smoke demon is almost dead.
The smoke demon hits you.
* * * LOW HITPOINT WARNING * * *
The smoke demon barely misses you.
The smoke demon hits you but does no damage.
A smoke demon comes into view.
The smoke demon roars!
You hit the smoke demon.
The smoke demon is almost dead. "Hum-dee-hum-dee-hum..."
The smoke demon seems to slow down.
The smoke demon gestures at you. The ball of steam hits you!
The steam scalds you terribly!
Xom is highly amused!
Ouch! That really hurt!
You die...
Xom snickers!

Notes
Turn   | Place    | Note
-------+----------+-------------------------------------------
     0 | D:1      | Serpenta the Mummy Chaos Knight began the quest for the Orb.
     0 | D:1      | Reached XP level 1. HP: 18/18 MP: 1/1
    96 | D:1      | XOM: harmless Summ miscast
   189 | D:1      | XOM: divination: magic mapping
   224 | D:1      | Reached XP level 2. HP: 2/24 MP: 2/2
   536 | D:1      | Reached skill level 3 in Axes
   937 | D:1      | XOM: mild Hex miscast
  1046 | D:1      | XOM: summons 1 hostile demon
  1175 | D:1      | Reached XP level 3. HP: 29/29 MP: 3/3
  1185 | D:1      | XOM: god gift: wand of acid (5) {god gift}
  1527 | D:2      | XOM: 1-stop teleportation journey
  1640 | D:2      | XOM: scenery: create altars
  1705 | D:2      | Noticed Terence
  1713 | D:2      | Killed Terence
  1713 | D:2      | Reached skill level 4 in Axes
  1713 | D:2      | Reached XP level 4. HP: 29/35 MP: 4/4
  2001 | D:2      | XOM: scenery: create altars
  2079 | D:2      | XOM: scenery: create altars
  2139 | D:2      | XOM: cloud trail
  2356 | D:3      | XOM: medium Fire miscast
  2636 | D:3      | XOM: medium Fire miscast
  2759 | D:3      | XOM: 4-stop teleportation journey
  2821 | D:3      | XOM: god gift: 13 bolts {god gift}
  2822 | D:3      | XOM: mild Hex miscast
  2872 | D:3      | Found a snail-covered altar of Cheibriados.
  2966 | D:3      | Noticed Robin
  2978 | D:3      | Killed Robin
  3162 | D:3      | p0werm0de: G O 0 D L U C K !!
  3236 | D:3      | Noticed Jessica
  3236 | D:3      | Noticed an orc warrior
  3241 | D:3      | XOM: potion effect (might)
  3247 | D:3      | Killed an orc warrior
  3247 | D:3      | Reached skill level 5 in Axes
  3247 | D:3      | Reached XP level 5. HP: 30/41 MP: 5/5
  3259 | D:3      | Killed Jessica
  3259 | D:3      | Reached XP level 6. HP: 37/47 MP: 6/6
  3263 | D:3      | Noticed Ijyb
  3269 | D:3      | Killed Ijyb
  3290 | D:3      | Noticed Tovarisch's ghost (amateur OpWz)
  3296 | D:3      | Killed Tovarisch's ghost
  3296 | D:3      | Reached skill level 6 in Axes
  3439 | D:3      | XOM: butterfly on damage
  3615 | D:3      | XOM: confuse monster(s)
  3627 | D:3      | XOM: summons friendly ufetubus
  3819 | D:4      | Found Busas's Armour Boutique.
  3870 | D:4      | Found a white marble altar of Elyvilon.
  3875 | D:4      | Reached XP level 7. HP: 42/52 MP: 7/7
  4093 | D:4      | XOM: stat loss: -1 Str (17/18)
  4180 | D:4      | XOM: confusion (+ monsters)
  4183 | D:4      | XOM: enchant monster (good)
  4189 | D:4      | Reached skill level 7 in Axes
  4204 | D:4      | ok
  4486 | D:4      | Found Guirghu's Antique Weapon Shop.
  4678 | D:4      | Found Ywnipa's Assorted Antiques.
  4678 | D:4      | Found Foah's Jewellery Emporium.
  4683 | D:4      | Bought a scroll labeled ARHUF POTWOIST for 23 gold pieces
  4683 | D:4      | Bought a scroll labeled ZILAXTORAPN for 23 gold pieces
  4692 | D:4      | Found Quokogie's General Store.
  4842 | D:5      | Entered Level 5 of the Dungeon
  4842 | D:5      | Noticed Menkaure
  4856 | D:5      | Killed Menkaure
  4876 | D:5      | Found a basalt altar of Yredelemnul.
  4876 | D:5      | XOM: 3-stop teleportation journey
  4877 | D:5      | Noticed Blork the orc
  4880 | D:5      | Killed Blork the orc
  4880 | D:5      | Reached skill level 8 in Axes
  4892 | D:5      | XOM: stat loss: -1 Str (17/18)
  5149 | D:5      | Noticed Duvessa
  5170 | D:5      | Killed Duvessa
  5170 | D:5      | Reached skill level 1 in Evocations
  5170 | D:5      | Reached XP level 8. HP: 32/59 MP: 7/9
  5171 | D:5      | Noticed Dowan
  5336 | D:5      | Killed Dowan
  5397 | D:5      | Found a hazy altar of Hepliaklqana.
  5419 | D:5      | Found a glowing golden altar of the Shining One.
  5420 | D:5      | Found a stormy altar of Qazlal.
  5582 | D:5      | XOM: summons 4 hostile demons
  5995 | D:5      | Found a runed door.
  6118 | D:5      | Found an ancient bone altar of Kikubaaqudgha.
  6212 | D:5      | Noticed Crazy Yiuf
  6213 | D:5      | Killed Crazy Yiuf
  6301 | D:6      | Reached skill level 5 in Fighting
  6678 | D:6      | XOM: harmless Hex miscast
  6745 | D:6      | XOM: 5-stop teleportation journey
  7029 | D:6      | Reached XP level 9. HP: 62/69 MP: 12/12
  7311 | D:6      | XOM: noise
  7668 | D:7      | XOM: mild Fire miscast
  7921 | D:7      | Reached skill level 5 in Evocations
  7946 | D:7      | Cast into level 1 of the Abyss (Xom)
  7966 | Abyss:1  | Found a corrupted altar of Lugonu.
  7967 | Abyss:1  | geez
  7967 | Abyss:1  | xom, WHY?!
  8004 | Abyss:1  | Got a dazzling great sword
  8016 | Abyss:1  | Noticed a thrashing horror
  8016 | Abyss:1  | XOM: cast spell 'Death Channel'
  8027 | Abyss:1  | XOM: silly message
  8030 | Abyss:1  | XOM: cleaving
  8032 | Abyss:1  | XOM: harmless Tmut miscast
  8084 | Abyss:1  | XOM: butterfly on damage
  8085 | Abyss:1  | Noticed a bone dragon
  8089 | Abyss:1  | XOM: harmless Summ miscast
  8139 | Abyss:1  | XOM: medium Tloc miscast
  8140 | Abyss:1  | Noticed a yellow draconian
  8192 | Abyss:1  | Noticed a smoke demon
  8198 | Abyss:1  | XOM: smoke on damage
  8201 | Abyss:1  | Noticed a smoke demon
  8201 | Abyss:1  | XOM: enchant monster (good)
  8201 | Abyss:1  | Killed from afar by a smoke demon
